 Dungeon Sprint DCSS version 0.27-a0-40-g5f2be0e231 (webtiles) character file.

Game seed: 16478032895968608902

77907 mhtbhm the Acrobat (level 15, -8/160 HPs)
             Began as a Minotaur Fighter on Jan 6, 2021.
             Was the Champion of the Shining One.
             Killed from afar by Nikola (23 damage)
             ... with a chain lightning
             ... in the Dungeon (Sprint IX: "|||||||||||||||||||||||||||||").
             The game lasted 00:12:11 (6498 turns).

mhtbhm the Acrobat (Minotaur Fighter)               Turns: 6498, Time: 00:12:11

Health: -8/160     AC: 19    Str: 36    XL:     15   Next: 16%
Magic:  18/18      EV: 23    Int:  5    God:    the Shining One [******]
Gold:   150        SH: 18    Dex: 10    Spells: 14/14 levels left

rFire    . . .     SeeInvis .   v - +4 scimitar (vorpal)
rCold    . . .     Faith    .   c - +0 kite shield
rNeg     + + +     Spirit   .   b - +0 swamp dragon scales
rPois    +         Reflect  .   (helmet restricted)
rElec    .         Harm     .   m - +0 cloak
rCorr    .         Rampage  .   t - +1 pair of gloves
Will     +....     NoTele   +   s - +2 pair of boots {run}
Stlth    +.........             D - amulet of regeneration
HPRegen  0.76/turn              A - +6 ring of strength
MPRegen  0.16/turn              o - +3 ring of strength

@: glowing, quick
A: retaliatory headbutt, horns 2
a: Renounce Religion, Divine Shield, Cleansing Flame, Summon Divine Warrior,
Brand Weapon With Holy Wrath


You were in the Dungeon.
You worshipped the Shining One.
The Shining One was exalted by your worship.
You visited 1 branch You collected 1935 gold pieces.
You spent 1785 gold pieces at shops.

Inventory:

Hand Weapons
 a - a +2 double sword of holy wrath
 v - a +4 vorpal scimitar (weapon)
Missiles
 u - a curare-tipped dart (quivered)
Armour
 b - +0 swamp dragon scales (worn)
 c - a +0 kite shield (worn)
 m - a +0 cloak (worn)
 s - a +2 pair of boots of running (worn)
 t - a +1 pair of gloves (worn)
Jewellery
 o - a +3 ring of strength (right hand)
 A - a +6 ring of strength (left hand)
 D - an amulet of regeneration (around neck)
Wands
 l - a wand of iceblast (4)
Scrolls
 i - 6 scrolls of remove curse
 j - 4 scrolls of blinking
 k - 2 scrolls of amnesia
 q - 4 scrolls of enchant armour
 r - 8 scrolls of enchant weapon
 y - a scroll of identify
 z - a scroll of fear
 G - 3 scrolls of fog
Potions
 d - 3 potions of might
 e - 5 potions of curing
 f - 6 potions of heal wounds
 g - 2 potions of haste
 h - 4 potions of magic
 n - a potion of mutation
 p - a potion of brilliance
 x - 2 potions of resistance
 F - a potion of berserk rage


   Skills:
 + Level 21.7 Fighting
 + Level 23.6 Long Blades
 + Level 3.2 Throwing
 + Level 15.0 Armour
 * Level 23.9 Dodging
 - Level 2.0 Stealth
 + Level 23.4 Shields
 + Level 3.5 Unarmed Combat
 + Level 5.4 Invocations
 - Level 0.4 Evocations


You had 14 spell levels left.
You didn't know any spells.
Your spell library was empty.

Dungeon Overview and Level Annotations

Branches:
Dungeon (1/1)

Altars:
Cheibriados
Dithmenos
Elyvilon
Fedhas
Gozag
Hepliaklqana
Kikubaaqudgha
Makhleb
Nemelex Xobeh
Okawaru
Qazlal
Ru
Sif Muna
Trog
Uskayaw
Vehumet
Wu Jian
Xom
Yredelemnul
Zin
The Shining One
Beogh
Jiyva
Lugonu

Shops:
D :(=(

Annotations:
D Nikola, Sonja


Innate Abilities, Weirdness & Mutations

You reflexively headbutt those who attack you in melee.
You have a pair of horns on your head.


Message History

The lightning arc hits you!!
The lightning arc hits Nikola.
You are too injured to fight recklessly!
You slash Nikola!
Nikola is severely wounded.
Nikola hits you but does no damage.
You are electrocuted!
You barely miss Nikola.
Nikola is severely wounded.
You slash Nikola! You headbutt Nikola!
Nikola is almost dead.
Nikola hits you with a +0 rapier of electrocution.
You hit Nikola but do no damage. Your headbutt misses Nikola.
Nikola is almost dead.
Nikola mumbles some strange words.
You hear a mighty clap of thunder!
The lightning arc hits you!!
* * * LOW HITPOINT WARNING * * *
The lightning arc hits Nikola!
The lightning arc hits you!!
* * * LOW HITPOINT WARNING * * *
The lightning arc hits Nikola.
The lightning arc hits you!!
You die...

▓†▓.▓.▓.▓.▓÷▓.▓.▓.
▓.▓'▓.▓.▓.▓.▓.▓.▓.
▓÷▓.▓.▓'▓.▓.▓.▓'▓.
▓=▓.▓.▓.▓.▓.▓.▓.▓.
▓.▓.▓.▓.▓.▓.▓.▓.▓.
▓.▓.▓.▓.▓.▓.▓.▓.▓.
▓.▓.▓.▓.▓.▓.▓.▓.▓.
▓@▓.▓.▓.▓.▓.▓.▓.▓.
▓@▓.▓.▓.▓.▓.▓.▓.▓.
▓.▓.▓.▓.▓.▓.▓.▓.▓.
▓.▓.▓.▓.▓.▓.▓.▓.▓.
▓...▓...▓...▓...▓.
▓▓▓▓▓▓▓▓▓▓▓▓▓▓▓▓▓▓


You could see Nikola.

Vanquished Creatures
  Mara (D)
  Sojobo (D)
  Jory (D)
  An Orb Guardian (D)
  A sphinx (D)
  Kirke (D)
  2 tengu reavers (D)
  Donald (D)
  A nagaraja (D)
  Aizul (D)
  A frost giant (D)
  An emperor scorpion (D)
  2 ironheart preservers (D)
  A spriggan defender (D)
  A stone giant (D)
  A very ugly thing (D)
  A yellow draconian (D)
  An entropy weaver (D)
  A bunyip (D)
  2 ettins (D)
  2 eleionomae (D)
  2 yaktaur captains (D)
  3 ogre magi (D)
  A merfolk impaler (D)
  2 fire dragons (D)
  An ice dragon (D)
  A great orb of eyes (D)
  2 rakshasas (D)
  Erolcha (D)
  A hydra (D)
  2 naga warriors (D)
  A ghost crab (D)
  Erica (D)
  2 alligator snapping turtles (D)
  A centaur warrior (D)
  An alligator (D)
  A deep troll shaman (D)
  A deep troll earth mage (D)
  A tengu warrior (D)
  Urug (D)
  An orc high priest (D)
  A naga sharpshooter (D)
  A shadow wraith (D)
  2 unseen horrors (D)
  A salamander mystic (D)
  A sea snake (D)
  A wizard (D)
  2 ironbrand convokers (D)
  2 wolf spiders (D)
  8 orc knights (D)
  An orc sorcerer (D)
  2 ugly things (D)
  A cyclops (D)
  3 manticores (D)
  A slime creature (D)
  A guardian serpent (D)
  2 vault sentinels (D)
  A naga mage (D)
  3 black mambas (D)
  A torpor snail (D)
  6 cane toads (D)
  2 freezing wraiths (D)
  2 yaktaurs (D)
  A guardian mummy (D)
  A queen bee (shapeshifter) (D)
  2 tengu conjurers (D)
  6 polar bears (D)
  A jumping spider (D)
  2 hornets (D)
  2 snapping turtles (D)
  A troll (D)
  A blink frog (D)
  A blink frog (shapeshifter) (D)
  3 tarantellas (D)
  A water elemental (D)
  A wyvern (D)
  A wraith (D)
  2 yaks (D)
  2 hogs (D)
  A basilisk (D)
  A vampire mosquito (D)
  A soldier ant (shapeshifter) (D)
  An acid dragon (D)
  2 water moccasins (D)
  3 black bears (D)
  2 sky beasts (D)
  An ogre (D)
  An ice beast (D)
  18 orc warriors (D)
  A boggart (D)
  A wolf (D)
  A centaur (D)
  3 bullfrogs (D)
  A wight (D)
  A killer bee (D)
  3 orc priests (D)
  4 orc wizards (D)
  A hound (D)
  A jelly (D)
  A hell rat (D)
  A worker ant (D)
  An adder (D)
  An adder skeleton (D)
  A dart slug (D)
  6 orcs (D)
  A hobgoblin (D)
  A ball python zombie (D)
  A bat (D)
  A frilled lizard (D)
  A rat (D)
189 creatures vanquished.

Vanquished Creatures (others)
  A thorn hunter (D)
  A black mamba (D)
  A tyrant leech (D)
  A spriggan (D)
  2 humans (D)
  4 briar patches (D)
10 creatures vanquished.

Grand Total: 199 creatures vanquished

Notes
Turn   | Place    | Note
-------+----------+-------------------------------------------
     0 | D        | mhtbhm the Minotaur Fighter began the quest for the Orb.
     0 | D        | Reached XP level 1. HP: 19/19 MP: 0/0
    46 | D        | Noticed an ogre
    46 | D        | Noticed a worker ant
    48 | D        | Reached XP level 2. HP: 28/28 MP: 1/1
    55 | D        | Reached skill level 5 in Fighting
    61 | D        | Killed an ogre
    62 | D        | Reached skill level 5 in Long Blades
    62 | D        | Reached XP level 3. HP: 19/38 MP: 2/2
    62 | D        | Reached XP level 4. HP: 23/45 MP: 3/3
    73 | D        | Found a roughly hewn altar of Beogh.
    73 | D        | Found a snail-covered altar of Cheibriados.
    73 | D        | Found a shadowy altar of Dithmenos.
    73 | D        | Found a white marble altar of Elyvilon.
    73 | D        | Found a blossoming altar of Fedhas.
    73 | D        | Found an opulent altar of Gozag.
    74 | D        | Found a hazy altar of Hepliaklqana.
    75 | D        | Found a viscous altar of Jiyva.
    76 | D        | Found an ancient bone altar of Kikubaaqudgha.
    77 | D        | Found a corrupted altar of Lugonu.
    78 | D        | Found a burning altar of Makhleb.
    79 | D        | Found a sparkling altar of Nemelex Xobeh.
    80 | D        | Found an iron altar of Okawaru.
    81 | D        | Found a stormy altar of Qazlal.
    82 | D        | Found a sacrificial altar of Ru.
    83 | D        | Found a shimmering blue altar of Sif Muna.
    84 | D        | Found a bloodstained altar of Trog.
    85 | D        | Found a hide-covered altar of Uskayaw.
    86 | D        | Found a radiant altar of Vehumet.
    87 | D        | Found an ornate altar of the Wu Jian Council.
    88 | D        | Found a shimmering altar of Xom.
    89 | D        | Found a basalt altar of Yredelemnul.
    90 | D        | Found a glowing silver altar of Zin.
    91 | D        | Found a glowing golden altar of the Shining One.
    99 | D        | Became a worshipper of the Shining One
   262 | D        | Noticed a sky beast
   262 | D        | Noticed a bullfrog
   262 | D        | Noticed an ice beast
   262 | D        | Reached * piety under the Shining One
   262 | D        | Noticed a centaur
   265 | D        | Killed a sky beast
   266 | D        | Reached XP level 5. HP: 53/53 MP: 4/4
   271 | D        | Reached skill level 1 in Dodging
   271 | D        | Reached XP level 6. HP: 62/62 MP: 5/5
   271 | D        | Killed an ice beast
   377 | D        | Noticed a troll
   377 | D        | Noticed a cyclops
   377 | D        | Noticed a vampire mosquito
   377 | D        | Reached ** piety under the Shining One
   377 | D        | Noticed a wyvern
   381 | D        | Killed a troll
   382 | D        | Reached skill level 10 in Armour
   382 | D        | Reached skill level 10 in Shields
   382 | D        | Reached XP level 7. HP: 45/71 MP: 6/6
   395 | D        | Killed a cyclops
   396 | D        | Reached skill level 10 in Fighting
   396 | D        | Reached XP level 8. HP: 54/80 MP: 7/7
   684 | D        | Noticed a cane toad
   684 | D        | Reached *** piety under the Shining One
   684 | D        | Noticed a polar bear
   684 | D        | Noticed a cane toad
   690 | D        | Killed a cane toad
   694 | D        | Noticed a cane toad
   699 | D        | Noticed a cane toad
   699 | D        | Reached **** piety under the Shining One
   713 | D        | Reached XP level 9. HP: 49/89 MP: 8/8
   716 | D        | Killed a polar bear
   723 | D        | Killed a cane toad
   727 | D        | Reached skill level 5 in Dodging
   730 | D        | Killed a cane toad
   731 | D        | Reached skill level 15 in Long Blades
   732 | D        | Killed a cane toad
  1002 | D        | Noticed a cane toad
  1002 | D        | Noticed a black mamba
  1002 | D        | Reached ***** piety under the Shining One
  1002 | D        | Noticed a cane toad
  1003 | D        | Noticed a black mamba
  1010 | D        | Killed a cane toad
  1017 | D        | Killed a black mamba
  1018 | D        | Reached XP level 10. HP: 74/100 MP: 9/9
  1028 | D        | Killed a cane toad
  1029 | D        | Reached skill level 1 in Stealth
  1034 | D        | Killed a black mamba
  1075 | D        | Reached ****** piety under the Shining One
  1373 | D        | Noticed Sonja
  1481 | D        | Noticed an orc high priest
  1483 | D        | Noticed an orc sorcerer
  1494 | D        | Killed an orc high priest
  1502 | D        | Killed an orc sorcerer
  1564 | D        | Noticed an orc knight
  1567 | D        | Noticed an orc knight
  1575 | D        | Reached XP level 11. HP: 111/111 MP: 10/10
  1579 | D        | Killed an orc knight
  1587 | D        | Killed an orc knight
  1588 | D        | Reached skill level 15 in Shields
  1609 | D        | Reached skill level 1 in Throwing
  1975 | D        | Found Aste's Book Emporium.
  1975 | D        | Noticed an orc knight
  1978 | D        | Reached skill level 15 in Fighting
  1978 | D        | Noticed an orc knight
  1993 | D        | Killed an orc knight
  2002 | D        | Noticed an orc knight
  2004 | D        | Killed an orc knight
  2007 | D        | Found Effown's Antique Weapon Shoppe.
  2020 | D        | Killed an orc knight
  2021 | D        | Found Ekyzxi's Jewellery Emporium.
  2399 | D        | Found Joes's Weapon Shoppe.
  2403 | D        | Noticed an orc knight
  2405 | D        | Noticed an orc knight
  2413 | D        | Killed an orc knight
  2421 | D        | Killed an orc knight
  2473 | D        | Bought a manual of Dodging for 1545 gold pieces
  2481 | D        | Bought an uncursed ring of poison resistance for 240 gold
                  | pieces
  2635 | D        | Noticed Erolcha
  2641 | D        | Killed Erolcha
  2642 | D        | Reached skill level 1 in Invocations
  2675 | D        | Noticed Erica
  2686 | D        | Killed Erica
  2774 | D        | Identified a +2 pair of boots of running (You found it in
                  | the Dungeon)
  2842 | D        | Noticed a wizard
  2842 | D        | Noticed an unseen horror
  2850 | D        | Killed a wizard
  2851 | D        | Noticed a deep troll earth mage
  2860 | D        | Killed an unseen horror
  2860 | D        | Noticed a yaktaur captain
  2861 | D        | Reached skill level 15 in Dodging
  2872 | D        | Killed a deep troll earth mage
  2873 | D        | Reached XP level 12. HP: 88/122 MP: 11/13
  2875 | D        | Noticed an ettin
  2881 | D        | Killed a yaktaur captain
  2884 | D        | Noticed a stone giant
  2890 | D        | Killed an ettin
  2900 | D        | Killed a stone giant
  3233 | D        | Noticed Urug
  3248 | D        | Killed Urug
  3249 | D        | Noticed Donald
  3275 | D        | Killed Donald
  3628 | D        | Noticed a merfolk impaler
  3628 | D        | Noticed an alligator snapping turtle
  3629 | D        | Noticed an alligator snapping turtle
  3652 | D        | Killed a merfolk impaler
  3661 | D        | Killed an alligator snapping turtle
  3670 | D        | Killed an alligator snapping turtle
  3686 | D        | Reached skill level 5 in Invocations
  3813 | D        | Noticed an emperor scorpion
  3854 | D        | Killed an emperor scorpion
  3855 | D        | Reached XP level 13. HP: 66/130 MP: 15/15
  4155 | D        | Noticed an eleionoma
  4155 | D        | Noticed a bunyip
  4155 | D        | Noticed a thorn hunter
  4155 | D        | Noticed an eleionoma
  4161 | D        | Killed an eleionoma
  4165 | D        | Killed an eleionoma
  4174 | D        | Killed a thorn hunter
  4184 | D        | Killed a bunyip
  4294 | D        | Noticed a nagaraja
  4298 | D        | Killed a nagaraja
  4426 | D        | Noticed Aizul
  4448 | D        | Killed Aizul
  4944 | D        | Noticed an ettin
  4944 | D        | Noticed a fire dragon
  4949 | D        | Killed an ettin
  4961 | D        | Killed a fire dragon
  4962 | D        | Noticed a frost giant
  4974 | D        | Noticed a spriggan defender
  4990 | D        | Killed a frost giant
  5016 | D        | Killed a spriggan defender
  5037 | D        | Paralysed by an ogre mage for 3 turns
  5038 | D        | Reached XP level 14. HP: 58/146 MP: 16/16
  5051 | D        | Noticed a green very ugly thing
  5075 | D        | Killed a green very ugly thing
  5342 | D        | Noticed an ironheart preserver
  5368 | D        | Killed an ironheart preserver
  5386 | D        | Noticed an ironheart preserver
  5492 | D        | Noticed an Orb Guardian
  5493 | D        | Killed an ironheart preserver
  5506 | D        | Killed an Orb Guardian
  5517 | D        | Noticed a sphinx
  5527 | D        | Killed a sphinx
  5949 | D        | Noticed Jory
  5965 | D        | Killed Jory
  5966 | D        | Reached skill level 15 in Armour
  6150 | D        | Noticed Kirke
  6168 | D        | Killed Kirke
  6267 | D        | Noticed Nikola
  6268 | D        | Noticed Mara
  6269 | D        | Noticed Sojobo
  6270 | D        | Noticed a tengu reaver
  6273 | D        | Noticed mhtbhm's illusion
  6274 | D        | Noticed a tengu reaver
  6299 | D        | Noticed mhtbhm's illusion
  6301 | D        | Killed Sojobo
  6302 | D        | Reached XP level 15. HP: 70/158 MP: 16/18
  6303 | D        | Killed a tengu reaver
  6311 | D        | Killed a tengu reaver
  6404 | D        | Killed Mara
  6498 | D        | Killed from afar by Nikola

Illustrated notes

Levels and vault maps discovered:
D:        linesprint [early_d, line_temple, items_1, d_10, items_2, lair_1,
          lair_end, items_3, orc_1, orc_end, items_4, d_15, swamp_1, shoals_1,
          snake_1, spider_1, d_20, vaults_1, items_5, swamp_end, shoals_end,
          snake_end, spider_end, vaults_end, d_27, items_6, zot_1, zot_end,
          crypt_end, forest_end, elf_end, slime_end, tomb_end, abyss_end,
          pan_hell_end]

Skill      XL: |  1  2  3  4  5  6  7  8  9 10 11 12 13 14 15 |
---------------+----------------------------------------------+-----
Fighting       | 4 6 8 9 10 11 12 14 16 19 21 | 21.7
Long Blades    | 3 5 6 7 9 11 13 16 17 19 21 23 | 23.6
Shields        | 4 6 8 10 11 12 13 14 15 17 19 22 23 | 23.4
Armour         | 6 8 10 11 12 13 14 15 | 15.0
Dodging        | 1 2 3 4 6 7 16 20 21 23 | 23.9
Stealth        | 1 2 |  2.0
Throwing       | 2 3 |  3.2
Invocations    | 3 5 |  5.4
Unarmed Combat | 2 3 |  3.5
Evocations     | |  0.4

Action                   |  1- 3 |  4- 6 |  7- 9 | 10-12 | 13-15 || total
-------------------------+-------+-------+-------+-------+-------++-------
Melee: Long sword        |    24 |     5 |       |       |       ||    29
       Headbutt          |     6 |     4 |    12 |   114 |   106 ||   242
       Scimitar          |       |    23 |    74 |   390 |   364 ||   851
       Unarmed           |       |       |       |       |     8 ||     8
       Double sword      |       |       |       |       |     7 ||     7
Throw: Dart              |       |       |       |    10 |       ||    10
Invok: Divine Shield     |       |       |       |     2 |     2 ||     4
Evoke: Wand              |       |       |       |     1 |     5 ||     6
  Use: Potion            |     2 |       |     1 |     3 |     7 ||    13
       Scroll            |       |       |       |       |     1 ||     1
Armor: Scale mail        |     7 |       |       |       |       ||     7
       Ring mail         |       |     8 |    15 |    22 |       ||    45
       Chain mail        |       |       |       |     7 |       ||     7
       Swamp dragon scal |       |       |       |    24 |    55 ||    79
Dodge: Dodged            |     4 |     7 |    21 |   125 |   128 ||   285
Block: Kite shield       |    14 |    20 |    25 |   187 |   226 ||   472
       Rpst.: Scimitar   |       |     2 |     5 |    27 |    17 ||    51

Table legend: (Time is in decaauts)
 A = Elapsed time spent in this place.
 B = Non-inter-level travel time spent in this place.
 C = Inter-level travel time spent in this place.
 D = Time resting spent in this place.
 E = Time spent auto-exploring this place.
 F = Levels seen in this place.
 G = Mean time per level.
                   A        B        C        D        E       F      G
               +--------+--------+--------+--------+--------+-----+--------+
         Total |   6186 |   6186 |      0 |   2494 |   1941 |   1 | 6186.0 |
       Dungeon |   6186 |   6186 |      0 |   2494 |   1941 |   1 | 6186.0 |
               +--------+--------+--------+--------+--------+-----+--------+

Top non-repeatable levels by time:
       D: 6186 daAuts
